 Dungeon Crawl Stone Soup version 0.31-a0-38-g1548c4f2a5 (webtiles) character file.

Game seed: 13492866691358270472

236 frimble the Slasher (level 6, -1/50 HPs)
             Began as a Gnoll Reaver on May 16, 2023.
             Slain by a kobold
             ... wielding a +0 dagger of electrocution
              (13 damage)
             ... on level 3 of the Dungeon.
             The game lasted 00:03:44 (2342 turns).

frimble the Slasher (Gnoll Reaver)                  Turns: 2342, Time: 00:03:45

Health: -1/50      AC:  7    Str: 12    XL:     6   Next: 6%
Magic:  1/14       EV: 12    Int: 14    God:
Gold:   76         SH:  0    Dex: 10    Spells: 11/15 levels left

rFire   . . .        a - +0 falchion
rCold   . . .        (no shield)
rNeg    . . .        b - +1 leather armour
rPois   .            (no helmet)
rElec   .            (no cloak)
rCorr   .            (no gloves)
SInv    .            i - +2 pair of boots
Will    .....        (no amulet)
Stlth   +            (no ring)
HPRegen 0.28/turn    (no ring)
MPRegen 0.14/turn

%: no passive effects
@: very slightly contaminated
A: fangs 1, strong nose, distributed training
a: no special abilities


You were on level 3 of the Dungeon.
You visited 1 branch of the dungeon, and saw 3 of its levels.
You also visited: Sewer.

You collected 126 gold pieces.
You spent 50 gold pieces at shops.

Inventory:

Hand Weapons
 a - a +0 falchion (weapon)
Armour
 b - a +1 leather armour (worn)
 i - a +2 pair of boots (worn)
Scrolls
 c - 2 scrolls of vulnerability
 d - 2 scrolls of teleportation
 g - 2 scrolls of amnesia
Potions
 e - a potion of might
 f - a potion of curing {unknown}
 h - a potion of ambrosia {unknown}
 j - 2 potions of mutation {unknown}
 l - a potion of invisibility {unknown}
 n - 2 potions of haste {unknown}


   Skills:
 + Level 4.9 Fighting
 + Level 1.8 Short Blades
 + Level 6.8 Long Blades
 + Level 1.8 Axes
 + Level 1.8 Maces & Flails
 + Level 1.8 Polearms
 + Level 1.8 Staves
 + Level 1.8 Ranged Weapons
 + Level 1.8 Throwing
 + Level 1.8 Armour
 + Level 4.9 Dodging
 + Level 1.8 Stealth
 + Level 1.8 Shields
 + Level 1.8 Unarmed Combat
 + Level 5.3 Spellcasting
 + Level 5.6 Conjurations
 + Level 1.4 Hexes
 + Level 1.4 Summonings
 + Level 1.4 Necromancy
 + Level 1.4 Translocations
 + Level 1.4 Transmutations
 + Level 1.4 Fire Magic
 + Level 1.4 Ice Magic
 + Level 1.4 Air Magic
 + Level 1.4 Earth Magic
 + Level 1.4 Poison Magic
 + Level 2.0 Invocations
 + Level 1.8 Evocations


You had 11 spell levels left.
You knew the following spells:

 Your Spells              Type           Power      Damage    Failure   Level
a - Kiss of Death         Conj/Necr      52%        2d9       4%          1
b - Frozen Ramparts       Ice            14%        1d3       34%         3

Your spell library contained the following spells:

 Spells                   Type           Power      Damage    Failure   Level
 Momentum Strike          Conj/Tloc      26%        3d8       8%          2
 Hailstorm                Conj/Ice       13%        3d5       16%         3
 Ice Form                 Ice/Tmut       7%         N/A       75%         4
 Summon Ice Beast         Ice/Summ       7%         N/A       75%         4


Dungeon Overview and Level Annotations

Branches:
Dungeon (3/15)              Sewer (visited)

Altars:
Kikubaaqudgha

Shops:
D:1 *   D:2 *

Annotations:
D:3 BlasphemerAmon's ghost, amateur SpAr


Innate Abilities, Weirdness & Mutations

You have very sharp teeth.
Your uncanny sense of smell can sniff out nearby items.
Your experience applies equally to all skills.


Message History

You slash the orc priest!
You kill the orc priest!
The orc wizard misses you.
Your Invocations skill increases to level 2!
You aren't carrying any items that you can evoke.
You hit the orc wizard.
The orc wizard is moderately wounded.
The orc wizard hits you but does no damage.
You slash the orc wizard!
The orc wizard is almost dead.
An adder comes into view.
The orc wizard misses you.
The kobold shouts!
You slash the orc wizard!
You kill the orc wizard!
The kobold barely misses you.
You have reached level 6!
The kobold attacks as you move away! The kobold hits you but does no damage.
The kobold attacks as you move away! The kobold hits you but does no damage.
The kobold throws a stone.
The stone closely misses you.
The kobold throws a stone.
The stone closely misses you.
You see here an adder corpse.
Things that are here:
a +0 whip; a +0 leather armour The kobold hits you but does no damage.
You are electrocuted!!
* * * LOW HITPOINT WARNING * * *
You barely miss the kobold. Your bite misses the kobold.
The kobold hits you but does no damage.
You barely miss the kobold. You bite the kobold, but do no damage.
You feel much better. The kobold hits you but does no damage.
You are electrocuted!
* * * LOW HITPOINT WARNING * * *
Casting: Frozen Ramparts (quite dangerous; 34% risk of failure)
Confirm with . or Enter, or press ? or * to list all spells.
The spell is quite dangerous to miscast (34% risk of failure)!
Continue anyway?
Casting: Frozen Ramparts (quite dangerous; 34% risk of failure)
Press: ? - help, Dir - look around, f - activate You miscast Frozen Ramparts.
Nothing appears to happen.
The kobold hits you but does no damage.
You are electrocuted!
You die...

#######*** *,,* .......,,*
***#,,* #######*,******###
*,.,,,* #######*,,,,,,,..#
*.#**,* .[.....,,,,****#.# *##.#
*,* #######***,* #.# *...#**,*
#######* *,* #.# ####.#.##.,***
.......##*,* #.# #?))......,,,,
.####...#*,* #@# #..)).....,,,,
......#..,,* #K# #.S#######**,,
.####...########S###.S#∆,,,,.,*,,
.#####..........†...S.#,,*,*,,*,,
..........##.#######..#.!.#,,,+,,
..#####...##.#*,,,,...#.$..,,,+,,
....†.#...##.#*,**##..#...#,,,+,,
..###........#*,* #..#..#.#,,*,,
.............#*,* #.[#.....,,*,,


You could see an adder and a kobold.

Vanquished Creatures
  Pargi (Sewer)
  An orc priest (D:3)
  An orc wizard (D:3)
  2 adders
  2 worms
  2 dart slugs
  3 orcs (D:3)
  6 bats
  6 endoplasms
  4 giant cockroaches
  A goblin (D:1)
  6 hobgoblins
  9 quokkas
  4 ball pythons
  6 frilled lizards
  4 kobolds
  2 rats
60 creatures vanquished.

Notes
Turn   | Place    | Note
-------+----------+-------------------------------------------
     0 | D:1      | frimble the Gnoll Reaver began the quest for the Orb.
     0 | D:1      | Reached XP level 1. HP: 20/20 MP: 6/6
    71 | D:1      | Reached XP level 2. HP: 26/26 MP: 7/7
   147 | D:1      | Found Xoiraoni's General Store.
   915 | D:1      | Reached skill level 5 in Spellcasting
   915 | D:1      | Reached XP level 3. HP: 27/31 MP: 7/9
  1085 | D:2      | Found an ancient bone altar of Kikubaaqudgha.
  1106 | D:2      | Learned a level 3 spell: Frozen Ramparts
  1355 | D:2      | Reached skill level 1 in Invocations
  1648 | D:2      | Found Todgho Luficw's General Store.
  1656 | D:2      | Bought a potion of heal wounds for 50 gold pieces
  1667 | D:2      | Reached skill level 1 in Short Blades
  1667 | D:2      | Reached skill level 1 in Axes
  1667 | D:2      | Reached skill level 1 in Maces & Flails
  1667 | D:2      | Reached skill level 1 in Polearms
  1667 | D:2      | Reached skill level 1 in Staves
  1667 | D:2      | Reached skill level 1 in Ranged Weapons
  1667 | D:2      | Reached skill level 1 in Throwing
  1667 | D:2      | Reached skill level 1 in Armour
  1667 | D:2      | Reached skill level 1 in Stealth
  1667 | D:2      | Reached skill level 1 in Shields
  1667 | D:2      | Reached skill level 1 in Unarmed Combat
  1667 | D:2      | Reached skill level 1 in Evocations
  1853 | D:3      | Found a glowing drain.
  1857 | Sewer    | Entered a sewer
  1904 | Sewer    | Noticed Pargi
  1920 | Sewer    | Killed Pargi
  1921 | Sewer    | Reached skill level 1 in Hexes
  1921 | Sewer    | Reached skill level 1 in Summonings
  1921 | Sewer    | Reached skill level 1 in Necromancy
  1921 | Sewer    | Reached skill level 1 in Translocations
  1921 | Sewer    | Reached skill level 1 in Transmutations
  1921 | Sewer    | Reached skill level 1 in Fire Magic
  1921 | Sewer    | Reached skill level 1 in Ice Magic
  1921 | Sewer    | Reached skill level 1 in Air Magic
  1921 | Sewer    | Reached skill level 1 in Earth Magic
  1921 | Sewer    | Reached skill level 1 in Poison Magic
  1921 | Sewer    | Reached XP level 4. HP: 26/38 MP: 4/11
  1921 | Sewer    | Reached XP level 5. HP: 29/43 MP: 4/12
  2309 | D:3      | Noticed BlasphemerAmon's ghost (amateur SpAr)
  2328 | D:3      | Reached XP level 6. HP: 22/50 MP: 1/14
  2342 | D:3      | Slain by a kobold

Illustrated notes

Levels and vault maps discovered:
D:1:      dpeg_arrival_boxorama, layout_loops_corners, serial_shops, shop,
          nrook_loot_triangle, minmay_misc_feat_iff
D:2:      layout_loops_ring, serial_shops, shop, basic_altar
D:3:      layout_loops_ring, gup_sewer_entry_spiral, gammafunk_ghost_split,
          hellmonk_ecumenical_altar_heavens_door, uniq_jessica

Skill      XL: |  1  2  3  4  5 |
---------------+----------------+-----
Spellcasting   | 5 |  5.3
Invocations    | 1 2 |  2.0
Short Blades   | 1 |  1.8
Axes           | 1 |  1.8
Maces & Flails | 1 |  1.8
Polearms       | 1 |  1.8
Staves         | 1 |  1.8
Ranged Weapons | 1 |  1.8
Throwing       | 1 |  1.8
Armour         | 1 |  1.8
Stealth        | 1 |  1.8
Shields        | 1 |  1.8
Unarmed Combat | 1 |  1.8
Evocations     | 1 |  1.8
Hexes          | 1 |  1.4
Summonings     | 1 |  1.4
Necromancy     | 1 |  1.4
Translocations | 1 |  1.4
Transmutations | 1 |  1.4
Fire Magic     | 1 |  1.4
Ice Magic      | 1 |  1.4
Air Magic      | 1 |  1.4
Earth Magic    | 1 |  1.4
Poison Magic   | 1 |  1.4
Fighting       | |  4.9
Long Blades    | |  6.8
Dodging        | |  4.9
Conjurations   | |  5.6

Action                     |  1- 3 |  4- 6 || total
---------------------------+-------+-------++-------
  Melee: Falchion          |   145 |    87 ||   232
         Bite              |     8 |     7 ||    15
         Punch             |     4 |       ||     4
   Cast: Frozen Ramparts   |     2 |     1 ||     3
    Use: Scroll            |     5 |     2 ||     7
         Potion            |       |     1 ||     1
 Armour: Leather armour    |    46 |    29 ||    75
  Dodge: Dodged            |   113 |    53 ||   166

Table legend: (Time is in decaauts)
 A = Elapsed time spent in this place.
 B = Non-inter-level travel time spent in this place.
 C = Inter-level travel time spent in this place.
 D = Time resting spent in this place.
 E = Time spent auto-exploring this place.
 F = Levels seen in this place.
 G = Mean time per level.
                   A        B        C        D        E       F      G
               +--------+--------+--------+--------+--------+-----+--------+
         Total |   2384 |   2317 |     67 |      0 |   1814 |   4 |  596.0 |
       Dungeon |   2155 |   2088 |     67 |      0 |   1673 |   3 |  718.3 |
         Sewer |    229 |    229 |      0 |      0 |    141 |   1 |  229.0 |
               +--------+--------+--------+--------+--------+-----+--------+

Top non-repeatable levels by time:
     D:1: 1075 daAuts
     D:2: 761 daAuts
     D:3: 318 daAuts
   Sewer: 229 daAuts
